 Dungeon Crawl Stone Soup version 0.28-a0-1638-g9123634e07 (webtiles) character file.

Game seed: 7145416530388592051

245 HallandMoats the Skirmisher (level 6, -3/52 HPs)
             Began as a Ghoul Fighter on Jan 25, 2022.
             Slain by a wraith (7 damage)
             ... in an ossuary.
             The game lasted 00:03:39 (3067 turns).

HallandMoats the Skirmisher (Ghoul Fighter)         Turns: 3067, Time: 00:03:39

Health: -3/52      AC:  6    Str: 20    XL:     6   Next: 10%
Magic:  6/6        EV:  9    Int:  5    God:
Gold:   94         SH:  4    Dex:  8    Spells: 5/5 levels left

rFire   . . .      SeeInvis .   m - +6 falchion of Currency {flame, rN+}
rCold   + . .      Faith    .   b - +0 buckler
rNeg    + + +      Spirit   .   a - +0 scale mail
rPois   ∞          Reflect  .   (no helmet)
rElec   .          Harm     .   (no cloak)
rCorr   .          Rampage  .   (no gloves)
Will    .....                   (no boots)
Stlth   ..........              (no amulet)
HPRegen 0.00/turn               (no ring)
MPRegen 0.10/turn               (no ring)

@: mighty, inhibited regen, slowed, very slow
A: claws 1, cold resistance 1, negative energy resistance 3, inhibited
regeneration, torment resistance 2
a: no special abilities


You were in an ossuary.
You visited 1 branch of the dungeon, and saw 4 of its levels.
You also visited: Ossuary.

You collected 94 gold pieces.

Inventory:

Hand Weapons
 m - the +6 falchion of Currency (weapon) {flame, rN+}
   (You found it on level 4 of the Dungeon)

   It burns those it strikes, dealing additional fire damage.
   Big, fiery blades are also staple armaments of hydra-hunters.
   rN:        It protects you from negative energy.
 n - a +2 spear of venom
Armour
 a - a +0 scale mail (worn)
 b - a +0 buckler (worn)
Wands
 o - a wand of flame (9)
Scrolls
 g - 5 scrolls of teleportation {unknown}
 h - 4 scrolls of identify {unknown}
 i - a scroll of immolation {unknown}
 k - a scroll of vulnerability {unknown}
 p - a scroll of fog {unknown}
Potions
 c - a potion of might
 d - a potion of curing {unknown}
 e - a potion of degeneration {unknown}
 f - 2 potions of heal wounds {unknown}
 j - a potion of cancellation {unknown}
 l - 2 potions of mutation {unknown}


   Skills:
 - Level 4.2 Fighting
 * Level 0.3 Long Blades
 - Level 0.6 Maces & Flails
 - Level 1.0 Polearms
 + Level 3.3 Armour
 + Level 1.4 Dodging
 + Level 3.3 Shields
 - Level 3.3 Unarmed Combat
 + Level 2.2 Invocations


You had 5 spell levels left.
You didn't know any spells.
Your spell library contained the following spells:

 Spells                   Type           Power      Damage    Failure   Level
 Chain Lightning          Conj/Air       0%         N/A       100%        9
 Fire Storm               Conj/Fire      0%         5d1       100%        9
 Shatter                  Erth           0%         3d5*      100%        9


Dungeon Overview and Level Annotations

Branches:
Dungeon (4/15)            Ossuary (1/1)
 Temple: D:4-7

Altars:


Innate Abilities, Weirdness & Mutations

You thrive by killing the living.
You are immune to poison.
You have sharp fingernails.
Your flesh is cold resistant. (rC+)
You are immune to negative energy. (rN+++)
You do not regenerate when monsters are visible.
You are immune to unholy pain and torment.


Message History

You hit the wraith but do no damage.
The wraith is heavily damaged.
The wraith barely misses you. The wraith hits you!
The wraith drains your vigour!
You feel as though you will be slow longer.
You slash the wraith! You burn the wraith.
The wraith is almost destroyed.
The wraith barely misses you. You block the wraith's attack.
You barely miss the wraith.
The wraith is almost destroyed.
The wraith hits you! The wraith drains your vigour!
You feel as though you will be slow longer.
The wraith hits you.
You are too injured to fight recklessly!
You are too injured to fight recklessly!
You are too injured to fight recklessly!
You are too injured to fight recklessly!
You are too injured to fight recklessly!
You are too injured to fight recklessly!
You are too injured to fight recklessly!
You are too injured to fight recklessly!
You are too injured to fight recklessly!
You hit the wraith but do no damage.
The wraith is almost destroyed.
The wraith hits you. The wraith drains your vigour!
You feel as though you will be slow longer.
The wraith hits you!
* * * LOW HITPOINT WARNING * * *
You closely miss the wraith.
The wraith is almost destroyed.
You block the wraith's attack. The wraith hits you but does no damage.
You feel very mighty all of a sudden. The wraith hits you.
* * * LOW HITPOINT WARNING * * *
The wraith drains your vigour!
You feel as though you will be slow longer.
You hit the wraith. You burn the wraith.
The wraith is almost destroyed.
The wraith hits you!
You die...

##.. ..##
...#####...
.##...##. .
##.!!?.## . ..
#.?.??..# ..
...##.?!..##...
#...##.W.##...# .
#...##@##...# ...
#.........#
....#####'#####..
.................
.................
########'''######
####...# #..'...+
#..#...#


You could see a wraith.

Vanquished Creatures
  A water moccasin skeleton (D:4)
  A jelly (D:3)
  A mummy (Ossuary)
  5 gnolls
  4 adders
  A worm (D:3)
  A dart slug (D:4)
  An orc (D:4)
  4 endoplasms
  3 giant cockroaches
  9 goblins
  2 hobgoblins (D:1)
  4 jackals (D:2)
  3 quokkas
  6 ball pythons
  4 bats
  2 frilled lizards
  A gnoll skeleton (Ossuary)
  7 kobolds
  3 kobold skeletons (Ossuary)
  5 orc skeletons (Ossuary)
  2 rats
70 creatures vanquished.

Notes
Turn   | Place    | Note
-------+----------+-------------------------------------------
     0 | D:1      | HallandMoats the Ghoul Fighter began the quest for the Orb.
     0 | D:1      | Reached XP level 1. HP: 19/19 MP: 0/0
   242 | D:1      | Reached XP level 2. HP: 25/26 MP: 1/1
   653 | D:2      | Reached XP level 3. HP: 26/33 MP: 2/2
   733 | D:2      | Reached skill level 1 in Invocations
  1276 | D:3      | Reached skill level 4 in Fighting
  1276 | D:3      | Reached XP level 4. HP: 40/40 MP: 3/3
  1659 | D:3      | Reached skill level 1 in Dodging
  1693 | D:3      | Reached XP level 5. HP: 46/46 MP: 5/5
  2686 | D:4      | Reached skill level 1 in Polearms
  2804 | D:4      | Identified the +6 falchion of Currency {flame, rN+}
  2933 | D:4      | Reached XP level 6. HP: 52/52 MP: 6/6
  2963 | D:4      | Found a sand-covered staircase.
  2972 | Ossuary  | Entered an ossuary
  2972 | Ossuary  | Noticed a wraith
  2972 | Ossuary  | Noticed a wraith
  2972 | Ossuary  | Noticed a wraith
  3057 | Ossuary  | Noticed a wraith
  3067 | Ossuary  | Slain by a wraith

Illustrated notes

Levels and vault maps discovered:
D:1:      amcnicky_arrival_single_pillar, layout_basic, columned_hall_lemuel
D:2:      layout_rooms
D:3:      layout_loops_ring, hangedman_decor_clover_reticule,
          nicolae_figureground_pulse
D:4:      layout_gridville, lightli_ossuary_entry_decrepit_ruins
Ossuary:  ossuary_due_mausoleum

Skill      XL: |  1  2  3  4  5 |
---------------+----------------+-----
Invocations    | 1 2 |  2.2
Fighting       | 4 |  4.2
Unarmed Combat | 3 |  3.3
Armour         | 3 |  3.3
Shields        | 3 |  3.3
Dodging        | 1 |  1.4
Polearms       | 1 |  1.0
Long Blades    | |  0.3
Maces & Flails | |  0.6

Action                   |  1- 3 |  4- 6 || total
-------------------------+-------+-------++-------
Melee: Unarmed           |   115 |    14 ||   129
       Mace              |       |    37 ||    37
       Spear             |       |    34 ||    34
       Falchion          |       |    32 ||    32
  Use: Potion            |       |     1 ||     1
Armor: Scale mail        |    51 |    58 ||   109
Dodge: Dodged            |    54 |    57 ||   111
Block: Buckler           |    19 |    28 ||    47

Table legend: (Time is in decaauts)
 A = Elapsed time spent in this place.
 B = Non-inter-level travel time spent in this place.
 C = Inter-level travel time spent in this place.
 D = Time resting spent in this place.
 E = Time spent auto-exploring this place.
 F = Levels seen in this place.
 G = Mean time per level.
                   A        B        C        D        E       F      G
               +--------+--------+--------+--------+--------+-----+--------+
         Total |   3100 |   3056 |     44 |    174 |   2250 |   5 |  620.0 |
       Dungeon |   2993 |   2949 |     44 |    174 |   2188 |   4 |  748.2 |
       Ossuary |    106 |    106 |      0 |      0 |     62 |   1 |  106.0 |
               +--------+--------+--------+--------+--------+-----+--------+

Top non-repeatable levels by time:
     D:3: 1228 daAuts
     D:2: 848 daAuts
     D:1: 589 daAuts
     D:4: 328 daAuts
 Ossuary: 106 daAuts
